Map: Abyssal Reef LE

Players

Iceman

  • Race: Zerg Zerg
  • League: Diamond
  • Spawn Location: 11:00

Musumeci

  • Race: Zerg Zerg
  • League: Diamond
  • Spawn Location: 5:00

VOD

Have the link to the VOD?

Description

Time

  • Played on: March 6, 2017, 7:11 a.m.
  • Length: 5:07
Show
View Real Time Build Order
Export as new Build Order

Iceman Zerg 

Build Orders: Pool First, Zergling Baneling 

Get SALT Encoding   

  12  0:01  Drone  
  13  0:12  Overlord  
  13  0:17  Drone  
  14  0:31  Drone x2  
  14  0:35  Drone  
  17  1:02  Drone  
  17  1:03  Drone  
  19  1:12  Extractor  
  19  1:14  Spawning Pool  
  16  1:20  Drone x2  
  18  1:31  Hatchery  
  17  1:33  Drone  
  18  1:41  Drone  
  19  1:53  Overlord  
  19  2:01  Zergling x2  
  19  2:02  Queen  
  22  2:13  Zergling x2  
  22  2:14  Metabolic Boost  
  23  2:22  Zergling x2  
  24  2:35  Zergling x2  
  25  2:39  Baneling Nest  
  25  2:41  Queen  
  25  2:43  Zergling x2  
  27  2:44  Queen  
  27  2:49  Zergling x2  
  30  3:02  Zergling x4  
  29  3:08  Drone x2  
  29  3:11  Drone x3  
  34  3:16  Zergling x2  
  35  3:25  Baneling x5  
  35  3:32  Drone  
  35  3:33  Overlord  
  36  3:47  Overlord x2  
  36  4:02  Zergling x10  
  39  4:18  Zergling x6  
  39  4:19  Zergling x4  
  39  4:22  Baneling x5  
  39  4:23  Baneling  
  39  4:24  Zergling x6  
  45  4:41  Drone x3  
  45  4:42  Evolution Chamber  
  45  4:43  Drone  
  45  4:45  Spine Crawler  
  46  4:53  Drone x3  
Show
View Real Time Build Order
Export as new Build Order

Musumeci Zerg 

Build Orders: Hatch First 

Get SALT Encoding   

  12  0:01  Drone  
  13  0:08  Drone  
  14  0:16  Drone, Extractor  
  15  0:22  Overlord  
  15  0:42  Drone x2  
  17  0:56  Hatchery  
  16  1:04  Drone  
  16  1:05  Drone  
  18  1:18  Spawning Pool  
  17  1:28  Drone x2  
  17  1:29  Drone  
  19  1:35  Extractor  
  18  1:41  Drone  
  19  2:05  Zergling x4  
  19  2:08  Queen x2  
  23  2:09  Zergling x2  
  23  2:11  Overlord  
  26  2:19  Zergling x2  
  27  2:23  Zergling x2  
  28  2:33  Zergling x4  
  28  2:37  Metabolic Boost  
  30  2:43  Drone  
  30  2:44  Drone  
  28  3:07  Zergling x8  
  28  3:12  Baneling Nest  
  30  3:36  Zergling x2  
  30  3:37  Zergling x10  
  35  3:47  Zergling x4  
  36  3:48  Overlord  
  36  3:58  Baneling x2  
  36  4:11  Zergling x10  
  41  4:27  Drone x3  
  41  4:28  Evolution Chamber  
  41  4:31  Zergling x2  
Tags
 
Add a new tag
Caveats
  • Supply blocks, unpowered buildings, or Contaminate may cause inaccurate times.
  • Supply counts are checked every 10 seconds.